NWL (28 & UNDER)
BISMARK BORDER GUARDS @ RED DEER WRANGLERS
09/17/2024
 
TOP OF THE 1ST
Bismark Border Guards batting - Pitching for Red Deer Wranglers : RHP Allen Collins
Pitching: RHP Allen Collins
Batting: RHB Aaron Holt 0-0: Called Strike
0-1: Ball
1-1: Called Strike
1-2: Strikes out swinging
Batting: LHB Jim Jensen 0-0: Fly out, F8 (Flyball, 8RS)
Batting: RHB José Gómez 0-0: Ball
1-0: Called Strike
1-1: Ground out 5-3 (Groundball, 5L)
Top of the 1st over - 0 run(s), 0 hit(s), 0 error(s), 0 left on base; Bismark 0 - Red Deer 0
BOTTOM OF THE 1ST
Red Deer Wranglers batting - Pitching for Bismark Border Guards : RHP Beau Murphy
Pitching: RHP Beau Murphy
Batting: LHB Enrico Vargas 0-0: Called Strike
0-1: Ball
1-1: Called Strike
1-2: DOUBLE (Flyball, 89XD)
Batting: RHB Paul Swift 0-0: Foul Ball, location: 2F
0-1: Ball
1-1: Foul Ball, location: 2F
1-2: Ball
2-2: Ball
3-2: Ground out 4-3 (Groundball, 4)
Enrico Vargas to third
Batting: LHB Del Kennedy 0-0: DOUBLE (Popup, 56D)
Enrico Vargas scores
Batting: RHB Orlando Núñes 0-0: Ball
1-0: Foul Ball, location: 2F
1-1: Foul Ball, location: 2F
1-2: Ball
2-2: Strikes out swinging
Batting: RHB Carlos Peña 0-0: Ground out 6-3 (Groundball, 6M)
Bottom of the 1st over - 1 run(s), 2 hit(s), 0 error(s), 1 left on base; Bismark 0 - Red Deer 1
TOP OF THE 2ND
Bismark Border Guards batting - Pitching for Red Deer Wranglers : RHP Allen Collins
Batting: SHB Glenn Vadnais 0-0: Called Strike
0-1: Fly out, F8 (Flyball, 89M)
Batting: RHB Mike Wright 0-0: Called Strike
0-1: Fly out, F8 (Flyball, 8LS)
Batting: LHB Rusty Herbert 0-0: Called Strike
0-1: Bunt for hit - play at first, batter safe!
Batting: RHB Alejandro Ramos 0-0: Called Strike
0-1: Fielders Choice at 2nd, 5-4 (Groundball, 56)
Top of the 2nd over - 0 run(s), 1 hit(s), 0 error(s), 0 left on base; Bismark 0 - Red Deer 1
BOTTOM OF THE 2ND
Red Deer Wranglers batting - Pitching for Bismark Border Guards : RHP Beau Murphy
Batting: LHB Jorge Olvera 0-0: Ball
1-0: Fly out, F9 (Line Drive, 9M)
Batting: LHB Greg Nelson 0-0: Ground out 1-3 (Groundball, 13)
Batting: RHB John McDonald 0-0: Called Strike
0-1: Foul Ball, location: 2F
0-2: Strikes out swinging
Bottom of the 2nd over - 0 run(s), 0 hit(s), 0 error(s), 0 left on base; Bismark 0 - Red Deer 1
TOP OF THE 3RD
Bismark Border Guards batting - Pitching for Red Deer Wranglers : RHP Allen Collins
Batting: RHB Salvador Borbón 0-0: Called Strike
0-1: Ball
1-1: Swinging Strike
1-2: Foul Ball, location: 2F
1-2: Foul Ball, location: 2F
1-2: Foul Ball, location: 2F
1-2: DOUBLE (Groundball, 5L)
Batting: LHB Norbert Mosley 0-0: Called Strike
0-1: Called Strike
0-2: Strikes out swinging
Batting: RHB Aaron Holt 0-0: Foul Ball, location: 2F
0-1: Foul Ball, location: 2F
0-2: Ball
1-2: Strikes out swinging
Batting: LHB Jim Jensen 0-0: Ball
1-0: Called Strike
1-1: Swinging Strike
1-2: Foul Ball, location: 2F
1-2: DOUBLE (Line Drive, 7LM)
Salvador Borbón scores
Batting: RHB José Gómez 0-0: Ground out 4-3 (Groundball, 4)
Top of the 3rd over - 1 run(s), 2 hit(s), 0 error(s), 1 left on base; Bismark 1 - Red Deer 1
BOTTOM OF THE 3RD
Red Deer Wranglers batting - Pitching for Bismark Border Guards : RHP Beau Murphy
Batting: RHB Oliver Harris 0-0: Ball
1-0: Fly out, F4 (Line Drive, 4M)
Batting: LHB Enrico Vargas 0-0: Ball
1-0: SINGLE (Line Drive, 6)
Batting: RHB Paul Swift 0-0: Called Strike
0-1: Ball
1-1: Ball
2-1: Called Strike
Enrico Vargas steals 2nd base
2-2: Ball
3-2: SINGLE (Line Drive, 78M)
Enrico Vargas to third
Batting: LHB Del Kennedy 0-0: Ball
1-0: SINGLE (Flyball, 89S)
Enrico Vargas scores
Paul Swift to second
Batting: RHB Orlando Núñes 0-0: Ball
1-0: Fielders Choice at 2nd, 6-4 (Groundball, 56)
Paul Swift to third
Batting: RHB Carlos Peña 0-0: Reached on Error, E3 (Popup, 3S)
Paul Swift scores
Orlando Núñes to second
Batting: LHB Jorge Olvera 0-0: Called Strike
0-1: Ball
1-1: Swinging Strike
1-2: Ball
2-2: Ball
3-2: SINGLE (Groundball, 34D)
Orlando Núñes to third
Carlos Peña to second
Orlando Núñes scores
Carlos Peña to third
Batting: LHB Greg Nelson 0-0: Ball
1-0: Ball
2-0: Ball
3-0: Base on Balls
Jorge Olvera to second
Batting: RHB John McDonald 0-0: Called Strike
0-1: Ball
1-1: Ground out 5-3 (Groundball, 5)
Bottom of the 3rd over - 3 run(s), 4 hit(s), 1 error(s), 3 left on base; Bismark 1 - Red Deer 4
TOP OF THE 4TH
Bismark Border Guards batting - Pitching for Red Deer Wranglers : RHP Allen Collins
Batting: SHB Glenn Vadnais 0-0: Ball
1-0: Foul Ball, location: 2F
1-1: Ball
2-1: Ball
3-1: Fly out, F6 (Popup, 56)
Batting: RHB Mike Wright 0-0: Ball
1-0: Called Strike
1-1: Ball
2-1: Ground out 4-3 (Groundball, 13)
Batting: LHB Rusty Herbert 0-0: Ball
1-0: SINGLE (Flyball, 7S)
Batting: RHB Alejandro Ramos 0-0: Ball
1-0: Called Strike
1-1: Ball
2-1: Fly out, F9 (Flyball, 9M)
Top of the 4th over - 0 run(s), 1 hit(s), 0 error(s), 1 left on base; Bismark 1 - Red Deer 4
BOTTOM OF THE 4TH
Red Deer Wranglers batting - Pitching for Bismark Border Guards : RHP Beau Murphy
Batting: RHB Oliver Harris 0-0: Ball
1-0: Ball
2-0: Called Strike
2-1: SINGLE (Groundball, 3D)
Batting: LHB Enrico Vargas 0-0: Ball
Wild Pitch!
Oliver Harris to second
1-0: Swinging Strike
1-1: Ball
2-1: Foul Ball, location: 2F
2-2: Ball
3-2: Fly out, F8 (Flyball, 8RM)
Batting: RHB Paul Swift 0-0: Ball
1-0: Foul Ball, location: 2F
1-1: Foul Ball, location: 2F
1-2: Ground out 5-3 (Groundball, 5S)
Oliver Harris to third
Batting: LHB Del Kennedy 0-0: Called Strike
0-1: Foul Ball, location: 2F
0-2: Foul Ball, location: 2F
0-2: Ball
1-2: Foul Ball, location: 2F
1-2: Strikes out looking
Bottom of the 4th over - 0 run(s), 1 hit(s), 0 error(s), 1 left on base; Bismark 1 - Red Deer 4
TOP OF THE 5TH
Bismark Border Guards batting - Pitching for Red Deer Wranglers : RHP Allen Collins
Batting: RHB Salvador Borbón 0-0: Swinging Strike
0-1: Ball
1-1: Called Strike
1-2: Strikes out looking
Batting: LHB Norbert Mosley 0-0: Ball
1-0: Ball
2-0: Ball
3-0: Base on Balls
Batting: RHB Aaron Holt 0-0: Ball
Norbert Mosley steals 2nd base
1-0: Swinging Strike
1-1: Ball
2-1: Swinging Strike
2-2: Foul Ball, location: 2F
2-2: Foul Ball, location: 2F
2-2: Strikes out swinging
Batting: LHB Jim Jensen 0-0: Ground out U3 (Groundball, 3S)
Top of the 5th over - 0 run(s), 0 hit(s), 0 error(s), 1 left on base; Bismark 1 - Red Deer 4
BOTTOM OF THE 5TH
Red Deer Wranglers batting - Pitching for Bismark Border Guards : RHP Beau Murphy
Batting: RHB Orlando Núñes 0-0: Ground out 4-3 (Groundball, 34)
Batting: RHB Carlos Peña 0-0: Called Strike
0-1: Ball
1-1: Ball
2-1: DOUBLE (Popup, 89M)
Pitching: RHP Nathan Walters
Batting: LHB Jorge Olvera 0-0: Called Strike
0-1: Ball
1-1: Foul Ball, location: 2F
1-2: Foul Ball, location: 2F
1-2: Foul Ball, location: 2F
1-2: Ball
2-2: Hit by Pitch
Batting: LHB Greg Nelson 0-0: Ball
1-0: Ball
2-0: Ball
3-0: Base on Balls
Carlos Peña to third
Jorge Olvera to second
Batting: RHB John McDonald 0-0: Grounds into double play, 4-6-3 (Groundball, 4)
Bottom of the 5th over - 0 run(s), 1 hit(s), 0 error(s), 2 left on base; Bismark 1 - Red Deer 4
TOP OF THE 6TH
Bismark Border Guards batting - Pitching for Red Deer Wranglers : RHP Allen Collins
Batting: RHB José Gómez 0-0: Ball
1-0: Swinging Strike
1-1: Called Strike
1-2: Ball
2-2: Ball
3-2: Foul Ball, location: 2F
3-2: Strikes out swinging
Batting: SHB Glenn Vadnais 0-0: Ball
1-0: Foul Ball, location: 2F
1-1: Swinging Strike
1-2: Strikes out swinging
Batting: RHB Mike Wright 0-0: Called Strike
0-1: Called Strike
0-2: Ball
1-2: Ground out 6-3 (Groundball, 6)
Top of the 6th over - 0 run(s), 0 hit(s), 0 error(s), 0 left on base; Bismark 1 - Red Deer 4
BOTTOM OF THE 6TH
Red Deer Wranglers batting - Pitching for Bismark Border Guards : RHP Nathan Walters
Batting: RHB Oliver Harris 0-0: Called Strike
0-1: Ball
1-1: Foul Ball, location: 2F
1-2: Ball
2-2: Strikes out swinging
Batting: LHB Enrico Vargas 0-0: Swinging Strike
0-1: Foul Ball, location: 2F
0-2: Ball
1-2: Ball
2-2: Strikes out swinging
Batting: RHB Paul Swift 0-0: Called Strike
0-1: Swinging Strike
0-2: Ball
1-2: SINGLE (Line Drive, 34)
Batting: LHB Del Kennedy 0-0: Fly out, F9 (Flyball, 89S)
Bottom of the 6th over - 0 run(s), 1 hit(s), 0 error(s), 1 left on base; Bismark 1 - Red Deer 4
TOP OF THE 7TH
Bismark Border Guards batting - Pitching for Red Deer Wranglers : RHP Allen Collins
Batting: LHB Rusty Herbert 0-0: Called Strike
0-1: Ball
1-1: Ball
2-1: Bunt for hit - play at first, batter safe!
Batting: RHB Alejandro Ramos 0-0: Called Strike
0-1: Ball
1-1: Foul Ball, location: 2F
1-2: Foul Ball, location: 2F
1-2: Grounds into double play, 1-6-3 (Groundball, 13)
Batting: RHB Salvador Borbón 0-0: Foul Ball, location: 2F
0-1: Called Strike
0-2: Ball
1-2: Foul Ball, location: 2F
1-2: Strikes out swinging
Top of the 7th over - 0 run(s), 1 hit(s), 0 error(s), 0 left on base; Bismark 1 - Red Deer 4
BOTTOM OF THE 7TH
Red Deer Wranglers batting - Pitching for Bismark Border Guards : RHP Nathan Walters
Batting: RHB Orlando Núñes 0-0: Called Strike
0-1: Ball
1-1: Called Strike
1-2: Foul Ball, location: 2F
1-2: Ball
2-2: Foul Ball, location: 2F
2-2: Strikes out swinging
Pitching: RHP César Rodríguez
Batting: RHB Carlos Peña 0-0: Ball
1-0: Ball
2-0: Called Strike
2-1: Ball
3-1: Base on Balls
Batting: LHB Jorge Olvera 0-0: Called Strike
Carlos Peña steals 2nd base
0-1: Ball
1-1: Fly out, F9 (Flyball, 9M)
Batting: LHB Greg Nelson 0-0: Ball
1-0: SINGLE (Groundball, 34D)
Carlos Peña to third
Runner from 3rd tries for Home, SAFE, no throw or cutoff
Batting: RHB John McDonald 0-0: Called Strike
0-1: Foul Ball, location: 2F
0-2: Ball
1-2: Strikes out swinging
Bottom of the 7th over - 1 run(s), 1 hit(s), 0 error(s), 1 left on base; Bismark 1 - Red Deer 5
TOP OF THE 8TH
Bismark Border Guards batting - Pitching for Red Deer Wranglers : RHP Allen Collins
Pitching: RHP Russell Cooper
Batting: LHB Norbert Mosley 0-0: SINGLE (Groundball, 3D)
Batting: RHB Aaron Holt 0-0: Foul Ball, location: 2F
0-1: Swinging Strike
0-2: Ball
1-2: Foul Ball, location: 2F
1-2: Ball
2-2: Fly out, F9 (Flyball, 9LM)
Batting: LHB Jim Jensen 0-0: Ball
1-0: Ball
2-0: Called Strike
2-1: Ball
3-1: Base on Balls
Norbert Mosley to second
Pitching: RHP Ron Chapman
Batting: RHB José Gómez 0-0: Grounds into double play, 6-4-3 (Groundball, 56)
Top of the 8th over - 0 run(s), 1 hit(s), 0 error(s), 1 left on base; Bismark 1 - Red Deer 5
BOTTOM OF THE 8TH
Red Deer Wranglers batting - Pitching for Bismark Border Guards : RHP César Rodríguez
Batting: RHB Oliver Harris 0-0: Foul Ball, location: 2F
0-1: Ball
1-1: Foul Ball, location: 2F
1-2: Strikes out swinging
Batting: LHB Enrico Vargas 0-0: Foul Ball, location: 2F
0-1: Swinging Strike
0-2: Strikes out swinging
Batting: RHB Paul Swift 0-0: Called Strike
0-1: Called Strike
0-2: Strikes out looking
Bottom of the 8th over - 0 run(s), 0 hit(s), 0 error(s), 0 left on base; Bismark 1 - Red Deer 5
TOP OF THE 9TH
Bismark Border Guards batting - Pitching for Red Deer Wranglers : RHP Ron Chapman
Batting: SHB Glenn Vadnais 0-0: Swinging Strike
0-1: Ball
1-1: SINGLE (Flyball, 89S)
Batting: RHB Mike Wright 0-0: Ball
1-0: Called Strike
1-1: Ball
2-1: Ball
3-1: Called Strike
3-2: Foul Ball, location: 2F
3-2: Base on Balls
Glenn Vadnais to second
Pitching: RHP Esteban Castro
Batting: LHB Rusty Herbert 0-0: Ball
1-0: Ball
2-0: Called Strike
2-1: Foul Ball, location: 2F
2-2: Grounds into double play, 4-6-3 (Groundball, 34)
Glenn Vadnais to third
Batting: RHB Alejandro Ramos 0-0: Called Strike
0-1: Ball
1-1: Ground out 4-3 (Groundball, 4)
Top of the 9th over - 0 run(s), 1 hit(s), 0 error(s), 1 left on base; Bismark 1 - Red Deer 5
This league is powered by Out of the Park Baseball, the baseball management simulation game for PC, Mac and Linux
Saturday, April 9th, 2016 - OOTP Baseball 16.8 Build 38